 Dungeon Crawl Stone Soup version 0.31-a0-237-g2d982f9f85 (webtiles) character file.

Game seed: 3662644301728479621

83 qw the Shooter (level 4, -1/36 HPs)
             Began as a Minotaur Hexslinger on July 11, 2023.
             Slain by Sigmund
             ... wielding a +0 scythe
              (8 damage)
             ... on level 2 of the Dungeon.
             The game lasted 00:00:40 (1613 turns).

qw the Shooter (Minotaur Hexslinger)                Turns: 1613, Time: 00:00:40

Health: -1/36      AC:  5    Str: 12 (13) XL:     4   Next: 22%
Magic:  4/4        EV: 11    Int:  9 (10) God:
Gold:   111        SH:  0    Dex: 14      Spells: 4/5 levels left

rFire   . . .        Y - +1 sling
rCold   . . .        (no shield)
rNeg    . . .        d - +0 ring mail
rPois   +            (helmet restricted)
rElec   .            (no cloak)
rCorr   .            (no gloves)
SInv    .            (no boots)
Will    .....        (no amulet)
Stlth   +            h - ring of poison resistance
HPRegen 0.26/turn    (no ring)
MPRegen 0.09/turn

%: no passive effects
@: unable to read
A: horns 2, retaliatory headbutt, deterioration 1, sense surroundings 1,
inability to read after injury 1
a: no special abilities


You were on level 2 of the Dungeon.
You visited 1 branch of the dungeon, and saw 2 of its levels.

You collected 111 gold pieces.


Innate Abilities, Weirdness & Mutations

You have a pair of horns on your head.
You reflexively headbutt those who attack you in melee.
Your body sometimes deteriorates upon taking damage.
You passively map a small area around you.
You occasionally lose the ability to read scrolls when taking damage.


   Skills:
 - Level 2.0 Fighting
 + Level 4.5 Ranged Weapons
 - Level 1.1 Armour
 - Level 2.1 Dodging
 - Level 1.0 Spellcasting
 - Level 2.0 Hexes


You had 4 spell levels left.
You knew the following spells:

 Your Spells              Type           Power      Damage    Failure   Level
a - Slow                  Hex            16%        N/A       36%         1

Your spell library contained the following spells:

 Spells                   Type           Power      Damage    Failure   Level
 Inner Flame              Hex/Fire       2%         N/A       86%         3
 Portal Projectile        Hex/Tloc       4%         N/A       86%         3
 Cause Fear               Hex            2%         N/A       98%         4

Inventory:

Hand Weapons
 Y - a +1 sling (weapon)
Armour
 d - a +0 ring mail (worn)
Jewellery
 h - a ring of poison resistance (left hand)
Scrolls
 a - 2 scrolls of identify
 b - a scroll of fear {unknown}
 g - a scroll of amnesia {unknown}
Potions
 c - 2 potions of curing {unknown}
 e - 2 potions of heal wounds {unknown}
 i - a potion of berserk rage {unknown}

Dungeon Overview and Level Annotations

Branches:
Dungeon (2/15)

Altars:

Annotations:
D:2 Sigmund


Message History

You shoot a sling bullet. The sling bullet barely misses Sigmund.
You shoot a sling bullet.
The sling bullet hits Sigmund but does no damage.
Sigmund is lightly wounded.
Sigmund points at you and mumbles some strange words.
You are confused.
Sigmund gestures wildly while chanting.
Sigmund flickers and vanishes!
Deactivating autopickup; reactivate with Ctrl-A.
You shoot a sling bullet. Something hits you.
Your body deteriorates!
You feel weakened.
You shoot a sling bullet. Something hits you but does no damage.
You shoot a sling bullet. Something hits you.
You shoot a sling bullet.
A magic dart appears from out of thin air!
The magic dart hits you.
You shoot a sling bullet. Something hits you.
You shoot a sling bullet.
You feel less confused. Something hits you but does no damage.
You shoot a sling bullet. Something hits you but does no damage.
You shoot a sling bullet. You shoot a sling bullet. Something hits you!
You feel threatened and lose the ability to read scrolls!
You shoot a sling bullet.
A magic dart appears from out of thin air!
The magic dart hits you.
You shoot a sling bullet. Something hits you.
You shoot a sling bullet.
You can read scrolls again.
Something hits you!
You feel threatened and lose the ability to read scrolls!
You die...

*,* #***# ################
*#.###** #.,,. ...............#
*.....,* #.###
##############.#*##.....,####.#.#
..# #.#*.......,+......# #.#
#.##.....,,,***#.... ..#
#.#....#*#########.# #.#
#.#....##..........# ..#
#.#@.{.....######..# #.#
#.#.#......* #..# ..#
#.#.#,.....* #..# #.#
#.#.#,,....* #..# ..#
###.#.##+##.#* #..# ###
##.....##.##.#######..# ####
#..###.##.##.#......... ...#####
#..#}#.##.##.#.########
##...).####..###.##.##.#.#.......


There were no monsters in sight!

Vanquished Creatures
  3 adders (D:2)
  3 worms (D:2)
  3 bats
  2 endoplasms (D:1)
  3 giant cockroaches (D:1)
  4 goblins
  5 hobgoblins
  3 jackals (D:1)
  A kobold (D:2)
  5 quokkas
  7 ball pythons
  2 frilled lizards
  4 rats
45 creatures vanquished.

Notes
Turn   | Place    | Note
-------+----------+-------------------------------------------
     0 | D:1      | qw the Minotaur Hexslinger began the quest for the Orb.
     0 | D:1      | Reached XP level 1. HP: 16/16 MP: 1/1
     0 | D:1      | 0 ||| qw: Version: 0.3-a-52-g30416fa
     0 | D:1      | 0 ||| qw: Game counter: 5459
     0 | D:1      | 0 ||| qw: Melee chars always use a shield: true
     0 | D:1      | 0 ||| qw: God list: Okawaru
     0 | D:1      | 0 ||| qw: Allow faded altars: false
     0 | D:1      | 0 ||| qw: Do Orc after clearing Dungeon:15 true
     0 | D:1      | 0 ||| qw: Do second Lair branch before Depths: true
     0 | D:1      | 0 ||| qw: Lair rune preference: random
     0 | D:1      | 0 ||| qw: Goals: Normal
     0 | D:1      | 0 ||| PLANNING D:1-11
    52 | D:1      | Reached skill level 3 in Ranged Weapons
    57 | D:1      | Reached XP level 2. HP: 23/23 MP: 2/2
   554 | D:1      | Reached XP level 3. HP: 29/29 MP: 3/3
   809 | D:1      | 809 ||| UPGRADING to +0 ring mail.
   819 | D:1      | 819 ||| DROPPING +0 robe.
   820 | D:1      | 820 ||| DROPPING ring of magical power.
   821 | D:1      | 821 ||| UPGRADING to ring of poison resistance.
   822 | D:1      | 822 ||| READING 2 scrolls labelled QODERHETEG.
   823 | D:1      | 823 ||| READING scroll labelled GAISKO EXU.
   824 | D:1      | 824 ||| READING scroll labelled FALUIWIMOM.
   925 | D:1      | 925 ||| DRINKING 2 bubbling inky potions.
   925 | D:1      | Gained mutation: You occasionally lose the ability to read
                  | scrolls when taking damage. [potion of mutation]
   925 | D:1      | Gained mutation: Your body sometimes deteriorates upon
                  | taking damage. [potion of mutation]
   925 | D:1      | Gained mutation: You are somewhat resistant to further
                  | mutation. [potion of mutation]
   925 | D:1      | Gained mutation: Your spells are a little harder to cast,
                  | but a little more powerful. [potion of mutation]
   926 | D:1      | 926 ||| DRINKING potion of mutation.
   926 | D:1      | Lost mutation: Your spells are a little harder to cast, but
                  | a little more powerful. [potion of mutation]
   926 | D:1      | Lost mutation: You are somewhat resistant to further
                  | mutation. [potion of mutation]
   926 | D:1      | Gained mutation: You passively map a small area around you.
                  | [potion of mutation]
   927 | D:1      | 927 ||| DROPPING scroll of poison.
  1103 | D:2      | 1103 ||| READING scroll labelled GUEKEO HUNAL.
  1104 | D:2      | 1104 ||| READING scroll labelled POGHATIOGEMN.
  1109 | D:2      | Reached skill level 4 in Ranged Weapons
  1115 | D:2      | Reached skill level 1 in Armour
  1370 | D:2      | Reached XP level 4. HP: 36/36 MP: 4/4
  1594 | D:2      | Noticed Sigmund
  1611 | D:2      | HP: 7/36 [something/magic dart (3)]
  1613 | D:2      | Slain by Sigmund

Levels and vault maps discovered:
D:1:      dpeg_arrival_castle, layout_basic, minivault_14
D:2:      layout_basic, serial_glass, glass_columns_c, glass_columns_a,
          glass_columns_a, glass_columns_c, glass_columns_b, glass_columns_c,
          feat_on_display, minmay_quadrilaterals, uniq_sigmund

Skill      XL: |  1  2  3 |
---------------+----------+-----
Ranged Weapons | 3 4 |  4.5
Fighting       | 2 |  2.0
Armour         | 1 |  1.1
Dodging        | |  2.1
Spellcasting   | |  1.0
Hexes          | |  2.0

Action                     |  1- 3 |  4- 6 || total
---------------------------+-------+-------++-------
   Fire: Sling             |   147 |    36 ||   183
    Use: Scroll            |     5 |       ||     5
         Potion            |     2 |       ||     2
 Armour: Robe              |     3 |       ||     3
         Ring mail         |    10 |    10 ||    20
  Dodge: Dodged            |    45 |    11 ||    56

Table legend:
 A = Non-vault XP
 B = Vault XP
 C = Vault XP percentage of total XP
 D = Non-vault monster count
 E = Vault monster count
 F = Vault count percentage of total count
                 A         B        C        D         E       F
            +---------+---------+-------+---------+---------+-------
      Total |     112 |       7 |   5.9 |      41 |       4 |   8.9
            +---------+---------+-------+---------+---------+-------
        D:1 |      44 |       0 |   0.0 |      26 |       0 |   0.0
        D:2 |      68 |       7 |   9.3 |      15 |       4 |  21.1
            +---------+---------+-------+---------+---------+-------
